 Dungeon Crawl Stone Soup version 0.28.0 (webtiles) character file.

Game seed: 8724440387934833486

182 themarg the Stinger (level 5, -9/36 HPs)
             Began as a Gnoll Wanderer on Feb 6, 2022.
             Was a Believer of Hepliaklqana.
             Mangled by a yak (12 damage)
             ... on level 3 of the Dungeon.
             The game lasted 00:22:01 (3847 turns).

themarg the Stinger (Gnoll Wanderer)                Turns: 3847, Time: 00:22:04

Health: -9/36      AC:  6    Str: 12    XL:     5   Next: 62%
Magic:  9/9        EV:  9    Int: 12    God:    Hepliaklqana [**....]
Gold:   67         SH:  0    Dex: 18    Spells: 9/10 levels left

rFire   . . .      SeeInvis +   p - +0 club
rCold   . . .      Faith    .   (no shield)
rNeg    . . .      Spirit   .   l - +0 scale mail
rPois   .          Reflect  .   (no helmet)
rElec   .          Harm     .   (no cloak)
rCorr   .          Rampage  .   (no gloves)
Will    .....                   (no boots)
Stlth   +.........              (no amulet)
HPRegen 0.12/turn               q - +6 ring of dexterity
MPRegen 0.11/turn               t - ring of see invisible

@: no status effects
A: reduced essence, fangs 1, strong nose, distributed training
a: Renounce Religion, Recall Ancestor, Ancestor Identity


You were on level 3 of the Dungeon.
You worshipped Hepliaklqana.
Hepliaklqana was pleased with you.
You visited 1 branch of the dungeon, and saw 4 of its levels.

You collected 123 gold pieces.
You spent 56 gold pieces at shops.

Inventory:

Hand Weapons
 a - a +2 shortbow
 d - a +0 dagger
 p - a +0 club (weapon)
Missiles
 b - 24 arrows
 c - 7 boomerangs (quivered)
 i - 8 poisoned darts
 n - 40 bolts
Armour
 e - a +0 robe
 l - a +0 scale mail (worn)
Jewellery
 q - a +6 ring of dexterity (left hand)
 r - a ring of positive energy
 t - a ring of see invisible (right hand)
Scrolls
 f - 2 scrolls of identify
 j - 3 scrolls of brand weapon {unknown}
Potions
 g - a potion of ambrosia {unknown}
 h - a potion of invisibility {unknown}
 k - 3 potions of curing {unknown}
 o - a potion of haste {unknown}
 s - a potion of heal wounds {unknown}


   Skills:
 + Level 3.0 Fighting
 + Level 1.5 Short Blades
 + Level 1.5 Long Blades
 + Level 1.5 Axes
 + Level 1.5 Maces & Flails
 + Level 1.5 Polearms
 + Level 1.5 Staves
 + Level 1.5 Slings
 + Level 4.8 Bows
 + Level 1.5 Crossbows
 + Level 3.0 Throwing
 + Level 3.0 Armour
 + Level 1.5 Dodging
 + Level 1.5 Stealth
 + Level 1.5 Shields
 + Level 1.5 Unarmed Combat
 + Level 3.2 Spellcasting
 + Level 1.2 Conjurations
 + Level 1.2 Hexes
 + Level 1.2 Summonings
 + Level 1.2 Necromancy
 + Level 1.2 Translocations
 + Level 1.2 Transmutations
 + Level 1.2 Fire Magic
 + Level 1.2 Ice Magic
 + Level 1.2 Air Magic
 + Level 1.2 Earth Magic
 + Level 5.5 Poison Magic
 + Level 1.7 Invocations
 + Level 3.0 Evocations


You had 9 spell levels left.
You knew the following spells:

 Your Spells              Type           Power      Damage    Failure   Level
a - Sting                 Tmut/Pois      40%        1d5       30%         1

Your spell library contained the following spells:

 Spells                   Type           Power      Damage    Failure   Level
 Slow                     Hex            16%        N/A       58%         1
 Ignite Poison            Fire/Tmut/Pois 8%         N/A       77%         3
 Confusing Touch          Hex            4%         N/A       91%         3
 Vampiric Draining        Necr           4%         2d6       91%         3


Dungeon Overview and Level Annotations

Branches:
Dungeon (4/15)
 Temple: D:4-7

Altars:
Hepliaklqana

Shops:
D:3 *


Innate Abilities, Weirdness & Mutations

Your life essence is reduced to manifest your ancestor. (-10% HP)
You have very sharp teeth.
Your uncanny sense of smell can sniff out nearby items.
Your experience applies equally to all skills.


Message History

Synnove casts a spell at the yak.
The yak resists with some effort.
The yak closely misses Synnove.
You feel sick.
You are no longer poisoned.
Synnove points at the yak and mumbles some strange words.
The yak seems to slow down.
The yak gores Synnove.
Your magical contamination has completely faded away.
Synnove casts a spell at the yak.
The yak resists with some effort.
The yak gores Synnove but does no damage.
Synnove hits the yak with a +0 dagger of draining.
Something closely misses Synnove.
The yak is no longer moving slowly.
Synnove points at the yak and mumbles some strange words.
The yak seems to slow down.
Something gores Synnove.
Casting: Sting (safe; 30% risk of failure)
Confirm with . or Enter, or press ? or * to list all spells.
Aiming: Sting (safe; 30% risk of failure)
Press: ? - help, Shift-Dir - straight line, f - yak, p - yak
Aim: a yak (83% to hit)
The sting hits the yak.
The yak is poisoned.
The yak is lightly wounded.
The yak gores Synnove!
Synnove barely misses the yak.
Something gores Synnove!
Synnove is destroyed!
The yak closely misses you.
There is a stone staircase leading up here.
The yak gores you but does no damage. The yak closely misses you.
You climb upwards.
There is a stone staircase leading down here.
As you read the scroll of summoning, it crumbles to dust.
Wisps of shadow whirl around you...
The yak looks more healthy.
The yak gores you. x2
You barely miss the yak.
Your bat hits the yak but does no damage.
The yak gores you!
* * * LOW HITPOINT WARNING * * *
The yak gores you but does no damage.
Your frilled lizard bites the yak.
The yak gores you!
You die...

#..........#.#..
#..<...)...##...
#.........##...#
#.....รท)..#..###
#######.#.#.####
#.#...R...
#.########
#########.#######.
#@Yl..............
#Y####.##.#######.
#.................
######.##.########
#.##(# #.##.#
#.##.# #.##.#
############.##.#
##


You could see 2 yaks and a friendly frilled lizard (summoned).

Vanquished Creatures
  A hound skeleton (D:4)
  2 adders
  A worm (D:2)
  5 orcs (D:3)
  9 endoplasms
  3 giant cockroaches
  7 goblins
  4 hobgoblins
  7 jackals
  2 kobolds (D:1)
  2 quokkas
  3 ball pythons
  5 bats
  A frilled lizard (D:3)
  7 rats
59 creatures vanquished.

Vanquished Creatures (collateral kills)
  A scorpion (D:4)
  A worm (D:3)
  3 orcs (D:3)
  A ball python (D:3)
  A bat (D:3)
  2 goblins
  2 hobgoblins (D:3)
  A quokka (D:3)
12 creatures vanquished.

Vanquished Creatures (others)
  A hexer (D:4)
  An ancestor (D:2)
  A fungus (D:4)
  5 toadstools (D:4)
8 creatures vanquished.

Grand Total: 79 creatures vanquished

Notes
Turn   | Place    | Note
-------+----------+-------------------------------------------
     0 | D:1      | themarg the Gnoll Wanderer began the quest for the Orb.
     0 | D:1      | themarg set off with the following items: a +2 shortbow, 26
                  | arrows, 7 boomerangs, a +0 dagger, a +0 robe; and the
                  | following spell memorised: Sting; and the following spells
                  | available to memorise: Ignite Poison
     0 | D:1      | Reached XP level 1. HP: 17/17 MP: 4/4
   238 | D:1      | Reached XP level 2. HP: 23/23 MP: 5/5
   313 | D:1      | Found a faded altar of an unknown god.
   317 | D:1      | Prayed at the altar of an unknown god.
   317 | D:1      | Became a worshipper of Hepliaklqana the Forgotten
   317 | D:1      | Reached * piety under Hepliaklqana
   534 | D:1      | Reached XP level 3. HP: 25/25 MP: 7/7
   762 | D:2      | Reached skill level 1 in Invocations
  1121 | D:2      | Reached skill level 1 in Short Blades
  1121 | D:2      | Reached skill level 1 in Long Blades
  1121 | D:2      | Reached skill level 1 in Axes
  1121 | D:2      | Reached skill level 1 in Maces & Flails
  1121 | D:2      | Reached skill level 1 in Polearms
  1121 | D:2      | Reached skill level 1 in Staves
  1121 | D:2      | Reached skill level 1 in Slings
  1121 | D:2      | Reached skill level 1 in Crossbows
  1121 | D:2      | Reached skill level 1 in Dodging
  1121 | D:2      | Reached skill level 1 in Stealth
  1121 | D:2      | Reached skill level 1 in Shields
  1121 | D:2      | Reached skill level 1 in Unarmed Combat
  1575 | D:2      | Reached XP level 4. HP: 30/30 MP: 8/8
  1805 | D:2      | Reached ** piety under Hepliaklqana
  2111 | D:3      | Reached skill level 1 in Conjurations
  2111 | D:3      | Reached skill level 1 in Hexes
  2111 | D:3      | Reached skill level 1 in Summonings
  2111 | D:3      | Reached skill level 1 in Necromancy
  2111 | D:3      | Reached skill level 1 in Translocations
  2111 | D:3      | Reached skill level 1 in Transmutations
  2111 | D:3      | Reached skill level 1 in Fire Magic
  2111 | D:3      | Reached skill level 1 in Ice Magic
  2111 | D:3      | Reached skill level 1 in Air Magic
  2111 | D:3      | Reached skill level 1 in Earth Magic
  2243 | D:3      | You fall into a shaft and drop 1 floor!
  2256 | D:4      | Noticed a yak
  2287 | D:3      | Found Bicelym's General Store.
  2521 | D:3      | Bought a scroll of identify for 28 gold pieces
  2521 | D:3      | Bought a scroll of identify for 28 gold pieces
  3031 | D:3      | Remembered your ancestor Synnove as a hexer
  3745 | D:4      | Reached XP level 5. HP: 33/36 MP: 9/9
  3800 | D:4      | Noticed a yak
  3806 | D:4      | Noticed a yak
  3847 | D:3      | Mangled by a yak

Illustrated notes

Levels and vault maps discovered:
D:1:      saegor_arrival_simple_c, layout_loops_cross,
          ebering_ecumenical_altar_webs, minmay_unequal
D:2:      layout_loops_corners
D:3:      layout_basic, serial_shops, nicolae_shop_hallway_stairs,
          serial_bayou_pond_e, guppyfry_early_orc_mine
D:4:      layout_cave_pools, biasface_ghost_orc_armoury,
          minmay_gold_behind_fungi, uniq_robin

Skill      XL: |  1  2  3  4  5 |
---------------+----------------+-----
Invocations    | 1 |  1.7
Short Blades   | 1 |  1.5
Long Blades    | 1 |  1.5
Axes           | 1 |  1.5
Maces & Flails | 1 |  1.5
Polearms       | 1 |  1.5
Staves         | 1 |  1.5
Slings         | 1 |  1.5
Crossbows      | 1 |  1.5
Dodging        | 1 |  1.5
Stealth        | 1 |  1.5
Shields        | 1 |  1.5
Unarmed Combat | 1 |  1.5
Spellcasting   | 3 |  3.2
Conjurations   | 1 |  1.2
Hexes          | 1 |  1.2
Summonings     | 1 |  1.2
Necromancy     | 1 |  1.2
Translocations | 1 |  1.2
Transmutations | 1 |  1.2
Fire Magic     | 1 |  1.2
Ice Magic      | 1 |  1.2
Air Magic      | 1 |  1.2
Earth Magic    | 1 |  1.2
Fighting       | 3 |  3.0
Throwing       | 3 |  3.0
Armour         | 3 |  3.0
Evocations     | 3 |  3.0
Bows           | |  4.8
Poison Magic   | |  5.5

Action                   |  1- 3 |  4- 6 || total
-------------------------+-------+-------++-------
Melee: Club              |       |    94 ||    94
       Bite              |       |     7 ||     7
       Punch             |       |     2 ||     2
 Fire: Shortbow          |    81 |    20 ||   101
 Cast: Sting             |     7 |     5 ||    12
Invok: Ancestor Life: He |       |     1 ||     1
  Use: Scroll            |       |     2 ||     2
       Potion            |       |     1 ||     1
 Stab: Distracted        |       |     2 ||     2
       Sleeping          |       |     1 ||     1
Armor: Robe              |     2 |     4 ||     6
       Scale mail        |       |    27 ||    27
       Skin              |       |     6 ||     6
Dodge: Dodged            |     9 |    72 ||    81
